 Dungeon Crawl Stone Soup version 0.27.0-1-g7a089689b8 (webtiles) character file.

Game seed: 2399602986898236130

3273 orehx the Cleaver (level 9, -11/90 HPs)
             Began as a Minotaur Berserker on Aug 12, 2021.
             Was an Elder of Trog.
             Mangled by a boulder beetle (21 damage)
             ... on level 7 of the Dungeon.
             The game lasted 00:07:50 (8059 turns).

orehx the Cleaver (Minotaur Berserker)              Turns: 8059, Time: 00:07:50

Health: -11/90     AC:  7    Str: 25    XL:     9   Next: 68%
Magic:  8/8        EV: 11    Int:  4    God:    Trog [****..]
Gold:   251        SH:  0    Dex: 16    Spells: 8/8 levels left

rFire    . . .     SeeInvis .   a - +0 hand axe
rCold    . . .     Faith    .   (no shield)
rNeg     . . .     Spirit   .   j - +0 scale mail
rPois    .         Reflect  .   (helmet restricted)
rElec    .         Harm     .   (no cloak)
rCorr    .         Rampage  .   (no gloves)
Will     .....                  v - +0 pair of boots
Stlth    ..........             (no amulet)
HPRegen  0.25/turn              f - +6 ring of dexterity
MPRegen  0.11/turn              (no ring)

@: on berserk cooldown, slowed, very slow
A: horns 2, retaliatory headbutt
a: Renounce Religion, Berserk, Trog's Hand, Brothers in Arms


You were on level 7 of the Dungeon.
You worshipped Trog.
Trog was greatly pleased with you.
You visited 1 branch of the dungeon, and saw 7 of its levels.
You also visited: Sewer.

You collected 251 gold pieces.

Inventory:

Hand Weapons
 a - a +0 hand axe (weapon)
Armour
 b - a +0 animal skin
 j - a +0 scale mail (worn)
 l - the +3 robe "Aqad" {Contam rElec rPois Int-5 Dex+3}
   (You found it on level 4 of the Dungeon)

   Int:       It affects your intelligence (-5).
   Dex:       It affects your dexterity (+3).
   rElec:     It insulates you from electricity.
   rPois:     It protects you from poison.
   Contam:    It causes magical contamination when unequipped.
 v - a +0 pair of boots (worn)
Jewellery
 f - a +6 ring of dexterity (left hand)
 t - a ring of fire
Wands
 i - a wand of iceblast (13)
Scrolls
 c - 2 scrolls of enchant armour {unknown}
 d - 2 scrolls of noise {unknown}
 g - 3 scrolls of fear {unknown}
 m - 3 scrolls of amnesia {unknown}
 n - 3 scrolls of enchant weapon {unknown}
 q - a scroll of teleportation {unknown}
 r - 2 scrolls of identify
 s - 2 scrolls of blinking {unknown}
Potions
 e - 3 potions of lignification
 h - 3 potions of curing
 k - 2 potions of flight
 o - 2 potions of attraction {unknown}
 p - 4 potions of heal wounds
 u - a potion of ambrosia {unknown}


   Skills:
 * Level 11.7 Fighting
 - Level 12.1 Axes
 - Level 2.4 Armour
 - Level 2.1 Dodging


You had 8 spell levels left.
You didn't know any spells.
Your spell library was empty.

Dungeon Overview and Level Annotations

Branches:
Dungeon (7/15)             Temple (0/1) D:5           Sewer (visited)

Altars:
Dithmenos
Elyvilon
Fedhas
Kikubaaqudgha
Makhleb

Shops:
D:2 (!*((

Annotations:
D:2 1 runed translucent door, Crazy Yiuf
D:7 2 runed translucent doors


Innate Abilities, Weirdness & Mutations

You have a pair of horns on your head.
You reflexively headbutt those who attack you in melee.


Message History

No target in view!
No target in view!
No target in view!
The centaur wields a +0 shortbow.
The centaur shoots an arrow.
The arrow hits you!
There is an open door here.
The centaur shoots an arrow.
The arrow hits you.
The centaur shoots an arrow.
The arrow hits you but does no damage.
You close the door.
A centaur opens the door.
The centaur unwields a +0 shortbow.
The centaur closely misses you. The centaur barely misses you.
There is an open door here.
You hit the boulder beetle but do no damage.
You headbutt the boulder beetle, but do no damage.
The boulder beetle is severely wounded.
The boulder beetle leaps!
The centaur barely misses you. You furiously retaliate!
You headbutt the centaur!
The centaur kicks you but does no damage.
The centaur hits you. The centaur kicks you.
The boulder beetle leaps!
You hit the centaur.
The centaur is severely wounded.
The centaur hits you but does no damage.
The centaur closely misses you.
The boulder beetle curls into a ball and begins rolling!
The centaur hits you but does no damage.
The centaur kicks you but does no damage.
You barely miss the centaur. You headbutt the centaur.
You kill the centaur!
Trog accepts your kill.
There is an open door here.
You hit the boulder beetle but do no damage.
The boulder beetle is severely wounded.
The boulder beetle hits you!!
* * * LOW HITPOINT WARNING * * *
The boulder beetle stops rolling and uncurls.
You hit the boulder beetle.
The boulder beetle is severely wounded.
The boulder beetle bites you!!
You die...

.#...# # .#
...(# .#..##.##
.# ..#.
.'.)).#. ..+
... +
.#..##.##..#
..#.#
.#...#.#...#
....#
.##.......#
##)○#
.###.....## #.#
.# ###.###
#####B##### ..
#.# #....@....#
# #.##
#.#####.#.#
#..## #.......#
##..###.#.###.#
##.....#..(
#####.# #.# #.#
... #.# ### #.#


You could see a boulder beetle.

Vanquished Creatures
  A manticore (D:7)
  A slime creature (D:7)
  Prince Ribbit (D:6)
  Sigmund (D:5)
  Eustachio (D:5)
  Menkaure (D:4)
  A water moccasin (D:6)
  Duvessa (D:4)
  An orc warrior (D:5)
  A sky beast (D:6)
  A black bear (D:6)
  2 ogres
  2 centaurs (D:7)
  2 kobold brigands
  A scorpion (D:6)
  Dowan (D:4)
  A water moccasin skeleton (D:4)
  3 wights (D:7)
  2 centaur zombies
  3 jellies
  4 orc priests
  Ijyb (D:3)
  3 bullfrog skeletons
  4 iguanas
  4 orc wizards
  Robin (D:3)
  4 gnolls (D:3)
  7 adders
  2 river rats (Sewer)
  3 white imps
  3 adder skeletons (D:4)
  A worm (D:2)
  2 dart slugs
  17 orcs
  11 ball pythons
  2 endoplasms (D:1)
  4 giant cockroaches
  14 goblins
  8 hobgoblins
  12 jackals
  16 kobolds
  5 quokkas
  4 bats
  4 frilled lizards
  10 rats
174 creatures vanquished.

Vanquished Creatures (others)
  A plant (D:3)
1 creature vanquished.

Grand Total: 175 creatures vanquished

Notes
Turn   | Place    | Note
-------+----------+-------------------------------------------
     0 | D:1      | orehx the Minotaur Berserker began the quest for the Orb.
     0 | D:1      | Reached XP level 1. HP: 19/19 MP: 0/0
   118 | D:1      | Reached skill level 4 in Axes
   192 | D:1      | Reached XP level 2. HP: 26/26 MP: 1/1
   475 | D:1      | Reached skill level 5 in Axes
   598 | D:1      | Found a faded altar of an unknown god.
   622 | D:1      | Reached XP level 3. HP: 26/31 MP: 2/2
   809 | D:2      | Found Cokloe's Assorted Antiques.
  1033 | D:2      | Found Ozeaxuol's Antique Weapon Boutique.
  1101 | D:2      | Reached ** piety under Trog
  1238 | D:2      | Found Piereis's Distillery.
  1257 | D:2      | Found a runed translucent door.
  1258 | D:2      | Noticed Crazy Yiuf
  1533 | D:2      | Found Viush's Weapon Shoppe.
  1717 | D:2      | Found Giorhoyd's Weapon Shoppe.
  2074 | D:3      | Noticed Ijyb
  2081 | D:3      | Killed Ijyb
  2082 | D:3      | Reached skill level 6 in Axes
  2082 | D:3      | Reached XP level 4. HP: 39/39 MP: 3/3
  2166 | D:3      | Reached XP level 5. HP: 20/45 MP: 4/4
  2407 | D:3      | Reached skill level 7 in Axes
  2764 | D:3      | Reached skill level 8 in Axes
  3136 | D:3      | Reached XP level 6. HP: 51/51 MP: 5/5
  3368 | D:3      | Noticed Robin
  3375 | D:3      | Killed Robin
  3385 | D:3      | Reached *** piety under Trog
  3595 | D:3      | Reached skill level 9 in Axes
  3976 | D:4      | Identified the +3 robe "Aqad" {Contam rElec rPois Int-5
                  | Dex+3}
  4060 | D:4      | Found a burning altar of Makhleb.
  4520 | D:4      | Reached XP level 7. HP: 57/57 MP: 6/6
  4661 | D:4      | Noticed Duvessa
  4663 | D:4      | Noticed Menkaure
  4664 | D:4      | Noticed Dowan
  4667 | D:4      | Killed Duvessa
  4668 | D:4      | Reached skill level 10 in Axes
  4673 | D:4      | Killed Dowan
  4679 | D:4      | Killed Menkaure
  4680 | D:4      | Reached skill level 11 in Axes
  4780 | D:5      | Entered Level 5 of the Dungeon
  4787 | D:5      | Noticed Sigmund
  4802 | D:5      | Killed Sigmund
  4803 | D:5      | Reached XP level 8. HP: 55/64 MP: 7/7
  4810 | D:5      | Reached **** piety under Trog
  4811 | D:5      | Reached skill level 12 in Axes
  4892 | D:5      | Found a glowing drain.
  4901 | Sewer    | Entered a sewer
  5257 | Sewer    | Found a glowing silver altar of Zin.
  5791 | D:5      | Reached skill level 5 in Fighting
  6001 | D:5      | Noticed Eustachio
  6020 | D:5      | Killed Eustachio
  6134 | D:5      | Found a staircase to the Ecumenical Temple.
  6452 | D:6      | Found an ancient bone altar of Kikubaaqudgha.
  7139 | D:6      | Noticed Prince Ribbit
  7165 | D:6      | Killed Prince Ribbit
  7166 | D:6      | Reached XP level 9. HP: 82/82 MP: 8/8
  7420 | D:6      | Found a shadowy altar of Dithmenos.
  7420 | D:6      | Found a blossoming altar of Fedhas.
  7735 | D:7      | Found a large runed translucent door.
  7741 | D:7      | Found a large runed translucent door.
  7799 | D:7      | Found a white marble altar of Elyvilon.
  7895 | D:7      | Reached skill level 10 in Fighting
  8022 | D:7      | Noticed a manticore
  8022 | D:7      | Noticed a boulder beetle
  8033 | D:7      | Killed a manticore
  8059 | D:7      | Mangled by a boulder beetle

Illustrated notes

Levels and vault maps discovered:
D:1:      psy_arrival_fountain, layout_basic, ebering_ecumenical_altar_ruins
D:2:      layout_basic, serial_shops, shop, shop, shop_fountains, shop,
          nicolae_shop_stone, uniq_crazy_yiuf_cottage
D:3:      cheibrodos_thug_alley, layout_loops_corners,
          minmay_shallow_snake_nest, uniq_robin, uniq_ijyb
D:4:      layout_rooms, bloody_makhleb, kennysheep_cross_room,
          nicolae_underground_beach, uniq_menkaure, uniq_duvessa
D:5:      layout_layer_cave, minmay_temple_entry_junction,
          gup_sewer_entry_bubbles, uniq_sigmund, uniq_eustachio
D:6:      layout_gridville, mainiacjoe_overflow_small_starburst,
          gammafunk_temple_overflow_wave, uniq_prince_ribbit1
D:7:      minmay_the_grid_plus_closed [minmay_the_grid_plusring,
          minmay_the_grid_expand, minmay_the_grid_holed_spiral,
          minmay_the_grid_tree, minmay_the_grid_prize_big_room], layout_basic,
          mainiacjoe_overflow_boulevard, jmf_multi_god_temple2,
          minmay_misc_feat_chi, st_stairs_14, roderic_serpentine_path

Skill      XL: |  1  2  3  4  5  6  7  8  9 |
---------------+----------------------------+-----
Axes           | 4 5 6 8 9 11 12 | 12.1
Fighting       | 8 11 | 11.7
Armour         | |  2.4
Dodging        | |  2.1

Action                   |  1- 3 |  4- 6 |  7- 9 || total
-------------------------+-------+-------+-------++-------
Melee: Hand axe          |    71 |   143 |   226 ||   440
       Headbutt          |    11 |    27 |    62 ||   100
Invok: Berserk           |     1 |    10 |     9 ||    20
  Use: Scroll            |     2 |     1 |     1 ||     4
 Stab: Sleeping          |     1 |       |       ||     1
Armor: Animal skin       |    17 |     4 |       ||    21
       Scale mail        |       |    36 |    59 ||    95
Dodge: Dodged            |    41 |    60 |    72 ||   173
